 Dungeon Sprint DCSS version 0.15-a0-1729-g99b9770 (webtiles) character file.

6736 AvylaarBelgium the Tortoise (level 10, -49/90 HPs)
             Began as a Minotaur Fighter on June 27, 2014.
             Was the Champion of Makhleb.
             Killed from afar by an ice dragon (66 damage)
             ... with a blast of cold
             ... in the Dungeon (Sprint V: "Ziggurat Sprint").
             The game lasted 00:13:50 (710 turns).

AvylaarBelgium the Tortoise (Minotaur Fighter)       Turns: 710, Time: 00:13:51

HP -49/90        AC 28     Str 31      XL: 10   Next: 75%
MP   4/4         EV  7     Int  5      God: Makhleb [******]
Gold 0           SH 32     Dex 16      Spells:  0 memorised,  9 levels left

rFire  + . .     SeeInvis +     b - +14 obsidian axe {chop, +Fly Str+3 SInv Curse}
rCold  x . .     Clarity  .     l - +5 crystal plate armour
rNeg   + + .     rCorr    +     n - +18 shield of the gong {rElec rN+ MR+ EV-5}
rPois  +         rRot     .     (helmet restricted)
rElec  +         Spirit   .     (no cloak)
SustAb .         Warding  .     (no gloves)
rMut   .         NoTele   +     (no boots)
Gourm  .                        p - amulet of Smez {rCorr rN+ SInv}
MR     +....                    o - cursed ring "Prablipp" {rPois Str-3 Slay+5}
                                a - ring of Jyjixke {Fire Str+3 Dex+5}

@: mighty, mesmerised, somewhat resistant to hostile enchantments, extremely
unstealthy
A: retaliatory headbutt, horns 2
a: Minor Destruction, Lesser Servant of Makhleb, Major Destruction, Greater
Servant of Makhleb, Renounce Religion, Evoke Flight


You were in the Dungeon.
You worshipped Makhleb.
Makhleb was exalted by your worship.
You were full.

You visited 1 branch

Inventory:

Hand weapons
 b - the cursed +14 obsidian axe (weapon) {chop, +Fly Str+3 SInv Curse}
   (You found it in the Dungeon)

   It inflicts extra damage upon your enemies.
   It affects your strength (+3).
   It enhances your eyesight.
   It lets you fly.
   It may recurse itself when equipped.
   It has a curse placed upon it.
 R - a cursed +5 bastard sword
 S - a cursed +5 claymore
 T - the +12 Glaive of Prune {chop}
   (You found it in the Dungeon)

   It inflicts extra damage upon your enemies.
Armour
 c - the cursed +15 Maxwell's patent armour {rC+ rF+, -Cast -Tele MR+}
   (You found it in the Dungeon)

   It affects your resistance to hostile enchantments.
   It prevents spellcasting.
   It prevents most forms of teleportation.
   It has a curse placed upon it.
 l - a +5 crystal plate armour (worn)
 m - a +5 gold dragon armour
 n - the +18 shield of the gong (worn) {rElec rN+ MR+ EV-5}
   (You found it in the Dungeon)

   It affects your evasion (-5).
   It insulates you from electricity.
   It protects you from negative energy.
   It affects your resistance to hostile enchantments.
Magical devices
 v - a wand of disintegration (7)
 w - a wand of fire (4)
 x - a wand of cold (5)
 y - a wand of draining (5)
 Q - a wand of heal wounds (3)
Comestibles
 d - 5 bread rations
 N - 42 fruits
 O - 3 meat rations
Scrolls
 k - a scroll of blinking
 q - a scroll of brand weapon
 G - 4 scrolls of amnesia
 H - 3 scrolls of recharging
 I - 3 scrolls of fog
 J - a scroll of holy word
 K - 5 scrolls of identify
 L - 5 scrolls of remove curse
 M - 2 scrolls of fear
Jewellery
 a - the ring of Jyjixke (left hand) {Fire Str+3 Dex+5}
   (You found it in the Dungeon)

   [ring of fire]

   It enhances your fire magic, and weakens your ice magic.
   It affects your strength (+3).
   It affects your dexterity (+5).
   It protects you from fire.
   It makes you vulnerable to cold.
 o - the cursed ring "Prablipp" (right hand) {rPois Str-3 Slay+5}
   (You found it in the Dungeon)

   [ring of strength]

   It affects your strength (-3).
   It affects your accuracy and damage with ranged weapons and melee attacks
   (+5).
   It protects you from poison.
   It has a curse placed upon it.
 p - the amulet of Smez (around neck) {rCorr rN+ SInv}
   (You found it in the Dungeon)

   [amulet of resist corrosion]

   It protects you from acid and corrosion.
   It protects you from negative energy.
   It enhances your eyesight.
 r - an uncursed ring of protection from magic
 s - a +6 ring of strength
 u - an uncursed ring of flight
Potions
 e - 5 potions of might
 f - 8 potions of curing
 g - 7 potions of heal wounds
 h - 4 potions of haste
 i - 7 potions of magic
 j - 3 potions of berserk rage
 A - 2 potions of brilliance
 B - 2 potions of invisibility
 C - 2 potions of restore abilities
 D - 4 potions of resistance
 F - 4 potions of agility
Books
 X - a book of Necromancy

   Spells                             Type                      Level
   Pain                               Necromancy                   1
   Animate Skeleton                   Necromancy                   1
   Vampiric Draining                  Necromancy                   3
   Regeneration                       Charms/Necromancy            3
   Animate Dead                       Necromancy                   4
   Control Undead                     Necromancy                   4
Miscellaneous
 z - a crystal ball of energy
 P - a plain deck of summonings
 U - a phial of floods
 V - an ornate deck of defence
 W - a plain deck of wonders
 Y - a plain deck of defence
Rods
 Z - a +4 lightning rod (11/11)
   (You took it off a deep elf mage in the Dungeon)


   Skills:
 - Level 8.4 Fighting
 + Level 13.0(13.3) Axes
 - Level 6.2(8.8) Maces & Flails
 - Level 2.6(6.6) Polearms
 + Level 15.7 Armour
 + Level 14.7 Dodging
 + Level 13.2 Shields


You had 9 spell levels left.
You didn't know any spells.

Dungeon Overview and Level Annotations

Branches:
Dungeon (1/1)

Altars:
Ashenzari
Cheibriados
Dithmenos
Elyvilon
Fedhas
Gozag
Kikubaaqudgha
Makhleb
Nemelex Xobeh
Okawaru
Qazlal
Sif Muna
Trog
Vehumet
Xom
Yredelemnul
Zin
The Shining One
Beogh
Jiyva
Lugonu


Innate Abilities, Weirdness & Mutations

You reflexively headbutt those who attack you in melee.
You have a pair of horns on your head.


Message History

Visions of slaying the fire drake flood into your mind.
The swamp drake roars!
The swamp drake breathes noxious fumes at you.
Found eight items.
Unknown command.
Read which item? (? for menu, Esc to quit)
As you read the scroll of blinking, it crumbles to dust.
A powerful magic interferes with your control of the blink.
You blink.
A swamp drake and a swamp dragon come into view.
Visions of slaying the six-headed hydra flood into your mind.
The swamp drake roars!
The swamp dragon roars!
The ice dragon breathes frost at you. The blast of cold hits you!
You feel a terrible chill!
Ouch! That really hurt!
* * * LOW HITPOINT WARNING * * *
The ice dragon breathes frost at you. The blast of cold hits you!
You feel a terrible chill!
Ouch! That really hurt!
You die...

▓▓▓▓▓▓▓▓▓▓▓▓▓▓▓▓▓▓▓
.8©8...▓...8©8...▓
.kkD)D..▓..3.))...▓
..[|k[k..▓...}}:...▓
▓..DD..k..▓.........▓
▓......D..▓.........▓
▓.........▓.........▓
▓.........▓...)((...▓
▓...§§§@..▓.▓.)().▓.▓
▓.▓§§§§§▓.▓....()...▓
▓...§§§...▓▓▓▓▓▓▓▓▓▓▓
▓▓▓▓▓▓▓▓▓▓▓


You could see 2 ice dragons, a death drake, a six-headed hydra, a swamp dragon,
a fire drake, 3 swamp drakes and a mottled dragon.

Vanquished Creatures
  A centaur warrior (D)
  A deep elf summoner (D)
  2 cyclopes (D)
  A salamander (shapeshifter) (D)
  3 yaktaurs (D)
  A deep elf priest (D)
  A guardian mummy (D)
  3 merfolk (D)
  A flying skull (D)
  A spriggan (shapeshifter) (D)
  2 deep elf magi (D)
  2 spriggans (D)
  3 hippogriffs (D)
  2 wolves (D)
  4 centaurs (D)
  Sigmund (D)
  Blork the orc (D)
  2 crimson imps (D)
  Dowan (D)
  Crazy Yiuf (D)
  2 sheep (D)
  Jessica (D)
  3 mummies (D)
  A green rat (D)
  A white imp (D)
  An ufetubus (D)
  An adder simulacrum (D)
  A hobgoblin skeleton (D)
  A jackal skeleton (D)
  A quokka zombie (D)
  A rat zombie (D)
48 creatures vanquished.

Vanquished Creatures (collateral kills)
  A spriggan (D)
  A deep elf fighter (D)
  A black bear (D)
  A yellow wasp (D)
4 creatures vanquished.

Grand Total: 52 creatures vanquished

Notes
Turn   | Place    | Note
--------------------------------------------------------------
     0 | D        | AvylaarBelgium, the Minotaur Fighter, began the quest for the Orb.
     0 | D        | Reached XP level 1. HP: 19/19 MP: 1/1
     0 | D        | Found a roughly hewn altar of Beogh.
     0 | D        | Found an ancient bone altar of Kikubaaqudgha.
     2 | D        | Found a basalt altar of Yredelemnul.
     2 | D        | Found an iron altar of Okawaru.
    22 | D        | Found a radiant altar of Vehumet.
    24 | D        | Found a burning altar of Makhleb.
    24 | D        | Found a shimmering altar of Xom.
   150 | D        | Found a corrupted altar of Lugonu.
   150 | D        | Found a white marble altar of Elyvilon.
   150 | D        | Found a deep blue altar of Sif Muna.
   151 | D        | Found a sparkling altar of Nemelex Xobeh.
   151 | D        | Found a bloodstained altar of Trog.
   210 | D        | Became a worshipper of Makhleb the Destroyer
   226 | D        | Entered arena 1.
   239 | D        | Reached skill level 5 in Fighting
   239 | D        | Reached skill level 1 in Axes
   239 | D        | Reached skill level 5 in Armour
   239 | D        | Reached XP level 2. HP: 16/29 MP: 1/1
   239 | D        | Reached XP level 3. HP: 19/36 MP: 2/2
   251 | D        | Entered arena 2.
   251 | D        | Noticed a draconian
   251 | D        | Noticed a draconian
   251 | D        | Noticed a draconian
   260 | D        | Entered arena 3.
   260 | D        | Noticed a crimson imp
   260 | D        | Noticed a crimson imp
   261 | D        | Reached skill level 6 in Maces & Flails
   261 | D        | Reached skill level 8 in Armour
   261 | D        | Reached XP level 4. HP: 9/42 MP: 2/2
   262 | D        | Acquired Makhleb's first power
   265 | D        | Killed a crimson imp
   266 | D        | Killed a crimson imp
   266 | D        | Acquired Makhleb's second power
   266 | D        | Reached skill level 9 in Armour
   266 | D        | Reached XP level 5. HP: 48/51 MP: 2/2
   282 | D        | Entered arena 4.
   287 | D        | Acquired Makhleb's third power
   298 | D        | Entered arena 5.
   298 | D        | Noticed Sigmund
   298 | D        | Noticed Jessica
   298 | D        | Noticed Blork the orc
   298 | D        | Noticed Crazy Yiuf
   298 | D        | Noticed Dowan
   307 | D        | Killed Crazy Yiuf
   307 | D        | Reached skill level 1 in Polearms
   311 | D        | Killed Sigmund
   311 | D        | Reached skill level 10 in Armour
   322 | D        | Killed Jessica
   322 | D        | Reached XP level 6. HP: 48/61 MP: 3/3
   323 | D        | Killed Dowan
   323 | D        | Acquired Makhleb's fourth power
   325 | D        | Killed Blork the orc
   354 | D        | Entered arena 6.
   354 | D        | Noticed a guardian mummy
   354 | D        | Noticed a flying skull
   358 | D        | Killed a flying skull
   358 | D        | Reached skill level 11 in Armour
   358 | D        | Reached skill level 10 in Dodging
   358 | D        | Reached skill level 5 in Shields
   358 | D        | Reached XP level 7. HP: 69/69 MP: 3/3
   361 | D        | Acquired Makhleb's fifth power
   361 | D        | Killed a guardian mummy
   361 | D        | Reached skill level 5 in Axes
   373 | D        | Entered arena 7.
   373 | D        | Noticed a spriggan rider
   373 | D        | Noticed a spriggan
   373 | D        | Noticed a black bear
   373 | D        | Noticed a spriggan
   373 | D        | Noticed a wolf
   373 | D        | Noticed a wolf
   377 | D        | Killed a wolf
   378 | D        | Killed a spriggan
   378 | D        | Reached skill level 12 in Armour
   378 | D        | Reached XP level 8. HP: 66/75 MP: 3/3
   378 | D        | Killed a wolf
   379 | D        | Killed a spriggan
   379 | D        | Killed a black bear
   384 | D        | Killed a yellow wasp
   384 | D        | Killed a spriggan
   556 | D        | Got the cursed ring "Prablipp" {rPois Str-3 Slay+5}
   572 | D        | Entered arena 8.
   572 | D        | Noticed a boulder beetle
   572 | D        | Noticed a human
   572 | D        | Noticed a deep elf mage
   572 | D        | Noticed a deep elf mage
   572 | D        | Noticed a deep elf fighter
   572 | D        | Noticed a deep elf priest
   572 | D        | Noticed a deep elf summoner
   579 | D        | Killed a deep elf summoner
   579 | D        | Reached skill level 13 in Armour
   579 | D        | Reached XP level 9. HP: 82/82 MP: 4/4
   580 | D        | Killed a deep elf mage
   580 | D        | Reached skill level 10 in Shields
   582 | D        | Killed a deep elf priest
   582 | D        | Reached skill level 10 in Axes
   583 | D        | Noticed a salamander
   585 | D        | Killed a deep elf fighter
   586 | D        | Killed a salamander
   586 | D        | Reached skill level 14 in Armour
   586 | D        | Killed a deep elf mage
   609 | D        | Identified the Catalogue of Dark Secrets (You found it in the Dungeon)
   616 | D        | Entered arena 9.
   616 | D        | Noticed a hippogriff
   616 | D        | Noticed a merfolk
   616 | D        | Noticed a hippogriff
   616 | D        | Noticed a merfolk
   616 | D        | Noticed a centaur
   616 | D        | Noticed a hippogriff
   616 | D        | Noticed a merfolk
   623 | D        | Killed a centaur
   624 | D        | Killed a hippogriff
   627 | D        | Killed a merfolk
   628 | D        | Killed a merfolk
   628 | D        | Reached XP level 10. HP: 90/90 MP: 4/4
   629 | D        | Killed a hippogriff
   630 | D        | Killed a merfolk
   630 | D        | Killed a hippogriff
   644 | D        | Got the ring of Jyjixke {Fire Str+3 Dex+5}
   660 | D        | Entered arena 10.
   660 | D        | Noticed a centaur
   660 | D        | Noticed a yaktaur
   660 | D        | Noticed a cyclops
   660 | D        | Noticed a cyclops
   660 | D        | Noticed a centaur
   660 | D        | Noticed a yaktaur
   660 | D        | Noticed a yaktaur
   660 | D        | Noticed a centaur warrior
   660 | D        | Noticed a centaur
   666 | D        | Killed a centaur
   668 | D        | Killed a yaktaur
   668 | D        | Killed a centaur
   669 | D        | Killed a centaur warrior
   669 | D        | Reached skill level 15 in Armour
   669 | D        | Killed a yaktaur
   672 | D        | Killed a centaur
   675 | D        | Killed a cyclops
   676 | D        | Killed a yaktaur
   676 | D        | Killed a cyclops
   701 | D        | Got the amulet of Smez {rCorr rN+ SInv}
   709 | D        | Entered arena 11.
   709 | D        | Noticed a swamp drake
   709 | D        | Noticed a mottled dragon
   709 | D        | Noticed a death drake
   709 | D        | Noticed an ice dragon
   709 | D        | Noticed an ice dragon
   709 | D        | Noticed a fire drake
   709 | D        | Noticed a swamp drake
   709 | D        | Noticed a six-headed hydra
   710 | D        | Noticed a swamp drake
   710 | D        | Noticed a swamp dragon
   710 | D        | Killed from afar by an ice dragon

Action                   |  1- 3 |  4- 6 |  7- 9 | 10-12 || total
-------------------------+-------+-------+-------+-------++-------
Melee: Executioner's axe |     7 |       |       |       ||     7
       Glaive            |     2 |    23 |       |       ||    25
       Broad axe         |       |     2 |    24 |    13 ||    39
Evoke: Wand              |       |     1 |       |       ||     1
  Use: Potion            |     3 |     4 |     2 |     1 ||    10
       Scroll            |     2 |     1 |     2 |     2 ||     7
